 Dungeon Crawl Stone Soup version 0.19.5 (webtiles) character file.

14317 spiff the Archer (level 11, -2/81 HPs)
             Began as a High Elf Assassin on Apr 1, 2017.
             Was an Elder of Dithmenos.
             Slain by Snorg (11 damage)
             ... on level 11 of the Dungeon on Apr 2, 2017.
             The game lasted 01:48:54 (20111 turns).

spiff the Archer (High Elf Assassin)               Turns: 20111, Time: 01:48:55

Health: -2/81      AC:  9    Str: 10    XL:     11   Next: 87%
Magic:  15/16      EV: 17    Int: 17    God:    Dithmenos [****..]
Gold:   623        SH:  0    Dex: 19    Spells: 1 memorised, 15 levels left

rFire  . . .     SeeInvis .     (no weapon)
rCold  + . .     Gourm    .     A - +2 robe {rC+}
rNeg   + . .     Faith    .     (no shield)
rPois  .         Spirit   .     i - +0 helmet
rElec  .         Reflect  .     d - +1 cloak
rCorr  .         Harm     .     (no gloves)
MR     +....                    (no boots)
Stlth  +++++++...               V - amulet of regeneration
                                P - ring of positive energy
                                a - +2 ring of protection

@: confusing touch (expiring), wreathed by umbra
A: no striking features
a: Shadow Step, Renounce Religion


You were on level 11 of the Dungeon.
You worshipped Dithmenos.
Dithmenos was greatly pleased with you.
You were not hungry.

You visited 2 branches of the dungeon, and saw 12 of its levels.
You also visited: Sewer.

You collected 623 gold pieces.

Inventory:

Hand Weapons
 b - a +0 blowgun
 r - a +1 dagger of holy wrath
 w - a +5 dagger
 x - a +0 shortbow
 M - a +2 dagger of venom
Missiles
 e - 5 poisoned needles
 o - 165 arrows
 H - 2 curare-tipped needles
Armour
 c - a +0 robe
 d - a +1 cloak (worn)
 i - a +0 helmet (worn)
 A - a +2 robe of cold resistance (worn)
 O - a +2 buckler
 U - the +2 leather armour of Hepliaklqana's Outrage {Regen+ Str+2 Int+6 Slay-6}
   (You took it off a kobold on level 10 of the Dungeon)

   It affects your strength (+2).
   It affects your intelligence (+6).
   It affects your accuracy and damage with ranged weapons and melee attacks
   (-6).
   It increases your rate of regeneration.
Jewellery
 a - a +2 ring of protection (left hand)
 L - an uncursed ring of magical power
 N - an uncursed ring of fire
 P - a ring of positive energy (right hand)
 V - an amulet of regeneration (around neck)
Wands
 C - a wand of disintegration (0/24)
 D - a wand of confusion (20/48)
 G - a wand of polymorph (6/24)
 S - a wand of lightning (9/15)
 T - a wand of polymorph (16/24)
Scrolls
 s - 3 scrolls of enchant armour
 u - a scroll of fog
 y - a scroll of enchant weapon
 B - 2 scrolls of magic mapping
 E - a scroll of fear
 K - 2 scrolls of teleportation
 Q - a scroll of identify
Potions
 f - a potion of degeneration {unknown}
 h - 5 potions of flight
 j - 4 potions of curing
 k - 5 potions of lignification
 m - 3 potions of resistance
 n - 3 potions of berserk rage
 p - a potion of haste {unknown}
 t - 3 potions of might
 z - a potion of brilliance {unknown}
 J - 2 potions of heal wounds {unknown}
 W - a potion of agility {unknown}
Books
 v - a book of Cantrips

   Spells                             Type                      Level
   a - Confusing Touch                Hexes                        1
   b - Animate Skeleton               Necromancy                   1
   c - Summon Small Mammal            Summoning                    1
   d - Apportation                    Translocation                1
 I - a book of Frost

   Spells                             Type                      Level
   a - Freeze                         Ice                          1
   b - Throw Frost                    Conjuration/Ice              2
   c - Ozocubu's Armour               Charms/Ice                   3
   d - Throw Icicle                   Conjuration/Ice              4
   e - Summon Ice Beast               Ice/Summoning                4
 X - a book of Necromancy

   Spells                             Type                      Level
   a - Pain                           Necromancy                   1
   b - Animate Skeleton               Necromancy                   1
   c - Vampiric Draining              Necromancy                   3
   d - Regeneration                   Charms/Necromancy            3
   e - Animate Dead                   Necromancy                   4
   f - Control Undead                 Necromancy                   4
Comestibles
 g - 10 bread rations
 l - 3 fruits
 q - 4 meat rations
 F - 8 royal jellies
 R - 3 beef jerkies


   Skills:
 + Level 9.6 Fighting
 - Level 10.0 Short Blades
 + Level 11.6 Bows
 - Level 2.0 Throwing
 - Level 7.0 Dodging
 - Level 11.0 Stealth
 - Level 3.1 Spellcasting
 - Level 4.0 Hexes


You had 15 spell levels left.
You knew the following spells:

 Your Spells              Type           Power        Failure   Level  Hunger
a - Confusing Touch       Hex            ###...       3%          1    None


Dungeon Overview and Level Annotations

Branches:
Dungeon (11/15)            Temple (1/1) D:5            Lair (0/6) D:10
    Orc: D:9-12

Altars:
Ashenzari
Cheibriados
Dithmenos
Elyvilon
Fedhas
Gozag
Hepliaklqana
Kikubaaqudgha
Makhleb
Nemelex Xobeh
Okawaru
Qazlal
Ru
Sif Muna
Trog
Uskayaw
Vehumet
Xom
Yredelemnul
Zin
The Shining One

Shops:
D:8 [   D:11 *

Annotations:
D:5 nosre's ghost, novice FoFi
D:11 Snorg


Message History

Snorg claws you!!
There is a stone staircase leading up, spattered with blood here.
Evoke which item? (* to show all) (? for menu, Esc to quit)
Zapping:
D - a wand of confusion (20/48)
Press: ? - help, Shift-Dir - straight line, f - Snorg
Aim: Snorg (moderately wounded, berserk, fast, unusually strong, umbra, chance to defeat MR: 15%)
Okay, then.
Wield which item (- for none, * to show all)? (? for menu, Esc to quit)
You are now empty-handed.
Snorg misses you. Snorg barely misses you. Snorg claws you but does no damage.
Casting: Confusing Touch
Confirm with . or Enter, or press ? or * to list all spells.
Your hands begin to glow red.
Snorg closely misses you. Snorg claws you but does no damage. Snorg claws you!!
* * * LOW HITPOINT WARNING * * *
Really attack barehanded?
You hit Snorg but do no damage.
Snorg is moderately wounded.
Snorg bites you!
You die...

####### ##### #.....#
############ ..... #.....#
###..........###.....
#.....#####............##......
#......................##......
#........................<.....
###............................
###.........[[....#....####....
#..........#[#@...#..#'#####...
#..........#.#T#..#........#...
#..........#.#....#........# ..
###[.......#...............# .
######'######...............+ .
#.....................#..####
#.................###.#..#
#.....................#..######
#................>...T.........


You could see Snorg (berserk).

Vanquished Creatures
  Josephine (D:10)
  Nergalle (D:10)
  The ghost of North the Destroyer, a novice VSFE of Sif Muna (D:10)
  Pikel (D:5)
  A hill giant (D:10)
  2 centaur skeletons (D:11)
  A troll (D:10)
  Prince Ribbit (D:8)
  Grinder (D:5)
  A hornet (D:11)
  A queen bee (D:8)
  4 hippogriffs
  A meliai zombie (D:10)
  4 wraiths
  Grum (D:8)
  A hungry ghost (D:10)
  6 yaks
  Eustachio (D:4)
  6 orc warriors
  A black bear (D:10)
  7 ice beasts
  2 sky beasts (D:8)
  4 ogres
  2 phantoms
  An eye of draining (D:9)
  7 wolves
  3 centaurs
  A big kobold (D:10)
  A gnoll sergeant (D:6)
  13 bullfrogs
  A wyvern zombie (D:7)
  5 scorpions
  A wyvern skeleton (D:10)
  15 killer bees
  A howler monkey (D:6)
  3 wights (D:10)
  3 electric eels
  3 bullfrog zombies
  3 centaur zombies
  9 crimson imps
  A quasit (D:9)
  4 bullfrog skeletons
  9 hounds
  2 jellies
  5 orc priests
  3 iguanas
  8 orc wizards
  6 worker ants
  2 killer bee zombies
  2 hound skeletons
  A hound zombie (D:9)
  A howler monkey zombie (D:9)
  11 gnolls
  15 adders
  3 shadow imps
  11 oozes
  An adder skeleton (D:6)
  2 worms (D:2)
  6 dart slugs
  13 leopard geckos
  32 orcs
  13 giant cockroaches
  11 goblins
  9 hobgoblins
  9 jackals
  14 kobolds
  6 quokkas
  9 ball pythons (Sewer)
  8 bats
  24 frilled lizards
  A goblin skeleton (D:4)
  2 goblin zombies (D:4)
  2 hobgoblin zombies (D:4)
  2 kobold skeletons (D:4)
  A kobold zombie (D:4)
  A leopard gecko skeleton (D:8)
  An orc zombie (D:4)
  A quokka skeleton (D:5)
  4 rats
378 creatures vanquished.

Vanquished Creatures (others)
  4 slaves (D:5)
  A crimson imp (D:5)
  A dart slug (D:5)
  A fungus (D:5)
7 creatures vanquished.

Grand Total: 385 creatures vanquished

Notes
Turn   | Place    | Note
-------+----------+-------------------------------------------
     0 | D:1      | spiff the High Elf Assassin began the quest for the Orb.
     0 | D:1      | Reached XP level 1. HP: 14/14 MP: 2/2
   474 | D:1      | Reached XP level 2. HP: 16/19 MP: 3/3
  1199 | D:1      | Reached skill level 5 in Stealth
  1354 | D:1      | Reached XP level 3. HP: 21/24 MP: 4/4
  1672 | D:2      | Noticed a dagger
  1673 | D:2      | Noticed a hand axe
  1674 | D:2      | Found a hide-covered altar of Uskayaw.
  1894 | D:2      | Reached XP level 4. HP: 29/29 MP: 5/5
  2385 | D:3      | Found a shattered altar of Ashenzari.
  2741 | D:3      | Reached XP level 5. HP: 25/34 MP: 6/6
  3382 | D:4      | Found a glowing golden altar of the Shining One.
  3488 | D:4      | Found a glowing drain.
  3522 | Sewer    | Entered a sewer
  3529 | Sewer    | Reached skill level 5 in Short Blades
  4226 | Sewer    | Reached XP level 6. HP: 39/39 MP: 7/7
  4963 | D:4      | Found a radiant altar of Vehumet.
  5008 | D:4      | Noticed Eustachio
  5009 | D:4      | Killed Eustachio
  5009 | D:4      | Reached XP level 7. HP: 45/45 MP: 8/8
  5614 | D:5      | Entered Level 5 of the Dungeon
  5639 | D:5      | Noticed Grinder
  5875 | D:5      | Noticed nosre's ghost (novice FoFi)
  5954 | D:5      | Found a stormy altar of Qazlal.
  5966 | D:5      | Found a staircase to the Ecumenical Temple.
  5974 | Temple   | Entered the Ecumenical Temple
  6168 | Temple   | Became a worshipper of Dithmenos the Shadowed
  6362 | D:5      | Reached XP level 8. HP: 23/50 MP: 9/9
  6531 | D:5      | Noticed Pikel
  6564 | D:5      | Killed Pikel
  6818 | D:5      | Found a blossoming altar of Fedhas.
  7116 | D:5      | Reached skill level 10 in Stealth
  7134 | D:5      | Found a shimmering altar of Xom.
  7250 | D:5      | Reached skill level 5 in Bows
  7612 | D:5      | Found a faded altar of an unknown god.
  7612 | D:5      | Found a sparkling altar of Nemelex Xobeh.
  7616 | D:5      | Killed Grinder
  7616 | D:5      | Reached XP level 9. HP: 54/54 MP: 10/10
  7623 | D:5      | Found a faded altar of an unknown god.
  7734 | D:5      | Found a faded altar of an unknown god.
  7735 | D:5      | Found a faded altar of an unknown god.
  8482 | D:6      | Reached * piety under Dithmenos
  8804 | D:5      | Reached skill level 10 in Short Blades
  9552 | D:5      | Learned a level 1 spell: Confusing Touch
  9564 | D:5      | Reached skill level 1 in Hexes
  9614 | D:6      | Found a sacrificial altar of Ru.
 11494 | D:8      | Noticed Grum
 11534 | D:8      | Noticed a queen bee
 11966 | D:8      | Found Goomi's Armour Boutique.
 11966 | D:8      | Noticed Prince Ribbit
 11968 | D:8      | Killed Prince Ribbit
 12016 | D:8      | Reached XP level 10. HP: 46/63 MP: 11/11
 12434 | D:7      | Reached ** piety under Dithmenos
 12533 | D:8      | Killed Grum
 12924 | D:8      | Reached skill level 5 in Fighting
 13709 | D:8      | Reached skill level 5 in Dodging
 14488 | D:9      | Found an opulent altar of Gozag.
 14488 | D:9      | Found an ancient bone altar of Kikubaaqudgha.
 15613 | D:9      | Reached *** piety under Dithmenos
 15699 | D:9      | Reached skill level 1 in Spellcasting
 15739 | D:9      | Reached XP level 11. HP: 62/75 MP: 14/14
 16465 | D:10     | Entered Level 10 of the Dungeon
 16465 | D:10     | Noticed Josephine
 16469 | D:10     | Noticed North's ghost (novice VSFE)
 16908 | D:10     | Noticed a hill giant
 16910 | D:10     | Killed a hill giant
 17134 | D:10     | Found a staircase to the Lair.
 18392 | D:10     | Killed North's ghost
 18392 | D:10     | Reached skill level 10 in Bows
 18415 | D:10     | Reached **** piety under Dithmenos
 18426 | D:10     | Got an ancient leather armour
 18438 | D:10     | Identified the +2 leather armour of Hepliaklqana's Outrage {Regen+ Str+2 Int+6 Slay-6} (You took it off a kobold on level 10 of the Dungeon)
 19044 | D:10     | Killed Josephine
 19285 | D:10     | Noticed Nergalle
 19291 | D:10     | Killed Nergalle
 19627 | D:11     | Noticed a cyan ugly thing
 19840 | D:11     | Found Honos's Assorted Antiques.
 19841 | D:11     | Noticed Snorg
 20111 | D:11     | Slain by Snorg

Skill      XL: |  1  2  3  4  5  6  7  8  9 10 11 |
---------------+----------------------------------+-----
Short Blades   | 3 4 5 6 8 9 10 | 10.0
Stealth        | 5 6 8 9 10 11 | 11.0
Bows           | 5 8 11 | 11.6
Hexes          | 4 |  4.0
Fighting       | 3 7 9 |  9.6
Dodging        | 7 |  7.0
Spellcasting   | 1 3 |  3.1
Throwing       | |  2.0

Action                   |  1- 3 |  4- 6 |  7- 9 | 10-12 || total
-------------------------+-------+-------+-------+-------++-------
Melee: Dagger            |   111 |   317 |   577 |   747 ||  1752
       Unarmed           |       |       |     5 |   137 ||   142
 Fire: Blowgun           |    17 |    19 |    13 |       ||    49
       Shortbow          |       |       |    54 |    57 ||   111
 Cast: Confusing Touch   |       |       |     5 |    76 ||    81
Invok: Shadow Step       |       |       |       |     2 ||     2
Evoke: Wand              |       |       |    11 |       ||    11
  Use: Scroll            |     4 |     6 |    11 |     6 ||    27
       Potion            |       |       |     1 |     1 ||     2
 Stab: Sleeping          |    12 |    17 |    13 |    17 ||    59
       Confused          |       |       |     7 |    61 ||    68
       Distracted        |       |       |    10 |     7 ||    17
  Eat: Chunk             |     3 |    10 |    22 |    23 ||    58
       Bread ration      |       |       |       |     1 ||     1
       Beef jerky        |       |       |       |     1 ||     1
Armor: Robe              |    24 |    86 |   102 |    98 ||   310
Dodge: Dodged            |    54 |   165 |   224 |   449 ||   892
Block: Buckler           |       |       |       |    77 ||    77
